Map: Frost LE

Players

llllllllllll - Winner!

  • Race: Zerg Zerg
  • League: Master

Lisandro

  • Race: Protoss Protoss
  • League: Master

VOD

Have the link to the VOD?

Description

Time

  • Played on: Oct. 28, 2016, 2:08 p.m.
  • Length: 7:26
Show
View Real Time Build Order
Export as new Build Order

llllllllllll Zerg - Winner!

Build Orders: Hatch First 

Get SALT Encoding   

  12  0:01  Drone  
  13  0:13  Overlord  
  13  0:17  Drone  
  14  0:31  Drone x2  
  16  0:36  Drone  
  17  0:54  Unknown, Hatchery  
  16  0:57  Drone  
  16  1:01  Drone  
  18  1:11  Extractor  
  18  1:16  Spawning Pool  
  16  1:19  Drone  
  16  1:22  Drone  
  18  1:28  Drone  
  19  1:40  Overlord  
  19  1:58  Drone  
  19  2:01  Drone  
  21  2:04  Queen  
  21  2:05  Queen, Unknown  
  21  2:06  Zergling x2  
  26  2:12  Drone  
  27  2:17  Drone  
  28  2:23  Metabolic Boost  
  28  2:24  Drone  
  28  2:28  Zergling x2  
  30  2:36  Drone  
  31  2:42  Unknown, Hatchery  
  30  2:48  Overlord  
  30  2:49  Zergling x2  
  31  2:53  Drone  
  32  3:01  Drone  
  33  3:06  Drone  
  33  3:07  Drone, Pneumatized Carapace  
  33  3:10  Drone  
  36  3:20  Drone  
  36  3:21  Drone x5  
  42  3:28  Zergling x2  
  42  3:31  Zergling x2  
  44  3:47  Overlord  
  44  3:52  Baneling Nest  
  44  3:53  Evolution Chamber, Queen, Unknown  
  44  3:54  Drone  
  44  3:55  Drone  
  46  3:56  Drone x4  
  46  4:02  Lair  
  50  4:04  Queen  
  52  4:12  Drone x4  
  52  4:14  Overlord  
  52  4:16  Overlord  
  56  4:28  Queen, Overlord  
  58  4:33  Zergling x12  
  58  4:36  Baneling, Zergling x2  
  58  4:37  Baneling x2  
  65  4:42  Zergling x4  
  65  4:45  Spore Crawler, Drone  
  67  4:49  Spore Crawler  
  67  4:51  Spore Crawler  
  67  4:52  Drone x2  
  67  4:53  Drone x2  
  67  4:56  Queen  
  67  4:59  Overseer  
  71  5:05  Drone x2  
  71  5:06  Drone  
  71  5:07  Overlord  
  74  5:08  Extractor  
  74  5:10  Drone  
  74  5:13  Drone x2  
  76  5:14  Queen  
  76  5:20  Drone x4  
  82  5:25  Extractor  
  81  5:29  Baneling x2  
  81  5:34  Baneling  
  81  5:35  Overlord  
  81  5:41  Roach Warren  
  80  5:48  Overlord  
  80  5:56  Extractor  
  79  5:57  Spine Crawler  
  79  5:58  Spine Crawler  
  79  6:03  Zergling x2  
  79  6:04  Zergling x30  
  85  6:09  Overlord  
  93  6:12  Overlord  
  93  6:16  Overlord  
  93  6:21  Roach x2  
  95  6:29  Baneling x2  
  95  6:30  Roach x5  
  95  6:31  Overlord  
  105  6:37  Roach  
  105  6:38  Roach  
  107  6:45  Drone  
  107  6:46  Drone x2  
  110  6:49  Drone x2  
  112  6:56  Drone x2  
  112  6:57  Drone  
  112  7:00  Baneling  
  112  7:01  Baneling x6  
  114  7:03  Zergling x12  
Show
View Real Time Build Order
Export as new Build Order

Lisandro Protoss 

Build Orders: 1 Gate Expand, Zealot Archon, Dark Templar Rush 

Get SALT Encoding   

  12  0:01  Probe (Chrono Boost)  
  13  0:12  Probe (Chrono Boost)  
  14  0:20  Pylon  
  14  0:22  Probe (Chrono Boost)  
  15  0:39  Probe (Chrono Boost), Gateway  
  16  0:49  Probe (Chrono Boost)  
  17  0:50  Assimilator  
  17  1:00  Probe (Chrono Boost)  
  18  1:10  Probe (Chrono Boost)  
  19  1:22  Nexus, Unknown  
  19  1:30  Cybernetics Core  
  19  1:33  Probe (Chrono Boost)  
  20  1:40  Pylon  
  20  1:46  Assimilator  
  20  1:49  Probe (Chrono Boost)  
  21  2:00  Probe (Chrono Boost)  
  22  2:04  Warp Gate  
  22  2:08  Adept  
  24  2:12  Probe (Chrono Boost)  
  26  2:24  Probe (Chrono Boost)  
  26  2:33  Unknown  
  26  2:34  Probe (Chrono Boost)  
  26  2:35  Adept, Probe (Chrono Boost)  
  30  2:44  Probe (Chrono Boost)  
  30  2:45  Probe (Chrono Boost)  
  30  2:48  Twilight Council  
  32  2:51  Gateway  
  32  2:55  Probe (Chrono Boost)  
  32  2:56  Probe (Chrono Boost)  
  34  3:02  Gateway  
  34  3:06  Probe (Chrono Boost)  
  34  3:08  Probe (Chrono Boost)  
  34  3:11  Adept  
  38  3:13  Resonating Glaives  
  38  3:16  Probe (Chrono Boost)  
  38  3:19  Probe (Chrono Boost)  
  40  3:27  Probe (Chrono Boost)  
  41  3:31  Probe (Chrono Boost)  
  41  3:33  Pylon  
  42  3:37  Probe (Chrono Boost)  
  44  3:42  Robotics Facility  
  44  3:43  Probe (Chrono Boost)  
  44  3:46  Dark Shrine  
  44  3:49  Probe (Chrono Boost)  
  44  3:55  Probe (Chrono Boost)  
  46  3:58  Pylon  
  47  4:04  Gateway  
  47  4:06  Mothership Core (Chrono Boost)  
  47  4:07  Probe (Chrono Boost)  
  49  4:10  Adept  
  49  4:12  Assimilator  
  51  4:19  Probe (Chrono Boost)  
  51  4:22  Assimilator, Pylon  
  53  4:24  Probe (Chrono Boost)  
  53  4:25  Warp Prism  
  56  4:31  Probe (Chrono Boost)  
  56  4:33  Adept  
  56  4:35  Adept  
  56  4:37  Probe (Chrono Boost)  
  61  4:42  Adept  
  61  4:43  Probe (Chrono Boost)  
  64  4:49  Probe (Chrono Boost)  
  65  4:55  Probe (Chrono Boost)  
  65  4:59  Adept, Pylon  
  69  5:01  Probe (Chrono Boost)  
  69  5:06  Nexus, Unknown  
  70  5:20  Dark Templar  
  70  5:21  Dark Templar x3  
  77  5:25  Archon  
  77  5:26  Archon  
  77  5:30  Gateway x2  
  77  5:34  Gateway  
  77  5:38  Gateway  
  77  5:45  Pylon  
  77  5:47  Pylon  
  77  5:49  Probe (Chrono Boost)  
  68  5:51  Pylon  
  68  5:53  Pylon  
  68  5:58  Stalker, Warp Prism  
  72  6:12  Dark Templar x2  
  72  6:16  Archon  
  72  6:17  Unknown, Dark Templar  
  78  6:22  Probe (Chrono Boost)  
  68  6:27  Adept  
  68  6:28  Adept, Probe (Chrono Boost)  
  69  6:38  Probe (Chrono Boost), Stalker  
  56  6:43  Probe (Chrono Boost)  
  56  6:47  Probe (Chrono Boost)  
  58  6:54  Probe (Chrono Boost)  
  58  7:02  Dark Templar  
  58  7:05  Adept  
  58  7:07  Archon  
  62  7:16  Adept  
Tags
 
Add a new tag
Caveats
  • Supply blocks, unpowered buildings, or Contaminate may cause inaccurate times.
  • Supply counts are checked every 10 seconds.